Map: Frozen Temple

Players

mayden - Winner!

  • Race: Terran Terran
  • League: Platinum

blackxored

  • Race: Zerg Zerg
  • League: Diamond

VOD

Have the link to the VOD?

Description

Time

  • Played on: June 30, 2016, 2:30 p.m.
  • Length: 11:51
Show
View Real Time Build Order
Export as new Build Order

mayden Terran - Winner!

Build Orders: Reaper Expand 

Get SALT Encoding   

  12  0:00  SCV  
  13  0:13  SCV  
  14  0:18  Supply Depot  
  14  0:25  SCV  
  15  0:39  SCV  
  15  0:42  Barracks  
  16  0:46  Refinery  
  16  0:52  SCV  
  17  1:04  SCV  
  18  1:16  SCV  
  19  1:29  Reaper  
  19  1:30  Orbital Command  
  20  1:44  Command Center  
  20  1:54  Supply Depot  
  20  1:56  SCV  
  21  2:03  Marine  
  22  2:10  SCV  
  22  2:11  Factory  
  23  2:18  Bunker  
  23  2:24  Barracks Reactor  
  23  2:35  SCV  
  24  2:48  SCV  
  25  3:08  Marine x2, Orbital Command  
  25  3:12  SCV  
  28  3:20  Command Center  
  28  3:25  SCV  
  28  3:26  Marine x2  
  31  3:31  Refinery, Factory Tech Lab  
  31  3:33  Engineering Bay  
  31  3:44  Marine x2  
  33  3:49  SCV x2  
  33  3:53  Siege Tank  
  38  4:01  SCV x2  
  38  4:02  Marine x2  
  42  4:13  SCV x2  
  44  4:25  SCV x2  
  46  4:31  Marine x2  
  46  4:33  Supply Depot, Orbital Command  
  46  4:37  SCV  
  46  4:38  Terran Infantry Weapons Level 1  
  49  4:40  Barracks  
  49  4:43  Barracks  
  49  4:44  Starport  
  49  4:46  Siege Tank  
  49  4:48  SCV  
  53  4:53  Marine x2  
  53  4:57  SCV  
  56  5:00  SCV  
  56  5:04  Engineering Bay  
  56  5:05  Refinery  
  57  5:12  Marine  
  57  5:13  Marine  
  59  5:18  SCV x2  
  61  5:28  SCV  
  62  5:29  Barracks Tech Lab  
  62  5:30  Marine x2, SCV  
  62  5:33  Barracks Tech Lab  
  62  5:34  Barracks  
  65  5:38  SCV  
  65  5:40  SCV  
  67  5:47  Terran Infantry Armor Level 1  
  67  5:51  Armory  
  67  6:01  Stimpack  
  67  6:02  Marauder x2  
  71  6:05  SCV x3  
  71  6:06  Barracks Reactor  
  74  6:15  Refinery  
  74  6:17  SCV x3  
  77  6:19  Supply Depot  
  77  6:20  Supply Depot  
  77  6:21  Supply Depot  
  77  6:22  Barracks Reactor  
  77  6:40  Medivac x2, SCV x3  
  77  6:46  Supply Depot  
  84  6:48  Missile Turret  
  84  6:50  Missile Turret  
  84  6:52  SCV, Missile Turret  
  84  6:53  Marine x2, SCV  
  84  6:54  Marine  
  86  7:04  SCV  
  86  7:09  Marine x3  
  86  7:15  Orbital Command  
  83  7:25  Marine x3  
  83  7:27  Marine x2  
  85  7:31  Medivac x2  
  89  7:41  SCV  
  90  7:45  Siege Tank  
  90  7:46  Marine x2  
  90  7:47  Marine x4  
  90  7:50  Terran Infantry Armor Level 2, Terran Infantry Weapons Level 2  
  99  7:51  Barracks  
  99  7:58  Supply Depot, SCV x2  
  101  8:02  Supply Depot x2  
  101  8:04  Marine x2  
  103  8:07  Marine x3  
  103  8:08  Marauder  
  108  8:20  Siege Tank  
  108  8:22  Marine x2  
  108  8:24  Marine  
  108  8:25  Marine, Marauder  
  117  8:28  Marine  
  113  8:40  Marine x2  
  115  8:47  Marauder x2  
  119  8:49  Marine x3  
  119  8:51  Medivac x2  
  123  8:58  Marine x2  
  124  9:04  Barracks  
  124  9:06  Barracks, SCV x2  
  124  9:07  Marine x2  
  124  9:08  Marauder x2  
  132  9:15  Marine x2  
  132  9:16  Marine  
  132  9:18  Supply Depot  
  132  9:21  Medivac, SCV x2  
  132  9:22  Supply Depot x2  
  132  9:25  Marine  
  132  9:26  Supply Depot x2  
  132  9:29  Marauder  
  132  9:30  Marauder  
  125  9:39  Marine  
  125  9:40  Marine x3  
  125  9:42  Marine  
  117  9:50  Siege Tank  
  117  9:51  Marauder x2, SCV x2  
  123  9:57  Marine x2  
  123  9:58  Marine x2  
  127  10:00  Marine x2  
  127  10:04  Barracks Tech Lab  
  129  10:12  Marine, Marauder  
  132  10:15  Marine x2, Command Center  
  132  10:16  Marine x2  
  136  10:22  Siege Tank  
  139  10:29  Medivac x2  
  143  10:47  Marine x4, Marauder  
  143  10:48  Marine x2, Marauder x2  
  155  10:54  Siege Tank  
  155  10:55  Concussive Shells  
  158  10:59  Medivac  
  160  11:04  Marine x2  
  160  11:05  Marine x4  
  160  11:08  Marine, Medivac  
  160  11:09  Marine, Marauder  
  162  11:22  Marine x2  
  162  11:23  Marine x3  
  167  11:27  Marauder  
Show
View Real Time Build Order
Export as new Build Order

blackxored Zerg 

Build Orders: Hatch First 

Get SALT Encoding   

  12  0:01  Drone  
  13  0:08  Drone  
  14  0:17  Overlord  
  14  0:23  Extractor  
  14  0:24  Drone  
  15  0:37  Drone x2  
  17  0:54  Hatchery  
  16  0:57  Drone  
  16  1:00  Drone  
  18  1:12  Extractor  
  18  1:15  Spawning Pool  
  18  1:17  Drone  
  17  1:21  Drone  
  18  1:28  Drone  
  19  1:38  Overlord  
  19  1:48  Drone  
  20  2:02  Zergling x2  
  20  2:03  Queen  
  20  2:05  Queen  
  20  2:06  Zergling x2  
  26  2:11  Zergling x2  
  26  2:13  Metabolic Boost  
  27  2:23  Drone  
  27  2:24  Drone  
  28  2:43  Hatchery  
  27  2:47  Overlord  
  27  2:50  Pneumatized Carapace  
  27  3:08  Drone x6  
  33  3:15  Queen  
  35  3:28  Zergling x8  
  39  3:44  Drone x5  
  44  3:55  Roach Warren, Drone  
  43  3:56  Baneling Nest, Drone  
  43  3:58  Drone  
  45  4:03  Overlord  
  45  4:09  Overlord  
  45  4:17  Overlord  
  45  4:30  Drone x2  
  47  4:32  Queen  
  47  4:34  Roach x3  
  47  4:35  Roach x2  
  47  4:36  Roach  
  61  4:39  Roach  
  61  4:41  Roach  
  61  4:44  Roach  
  67  4:46  Roach  
  67  4:52  Extractor, Drone x2  
  70  4:53  Drone  
  70  4:56  Drone  
  72  5:13  Overlord x2  
  72  5:18  Roach  
  73  5:32  Roach x5  
  83  5:37  Zergling x12  
  83  5:42  Overlord  
  89  5:59  Lair  
  89  6:03  Drone x7  
  89  6:04  Drone x2  
  98  6:05  Overlord x2  
  98  6:12  Baneling x5  
  98  6:13  Baneling  
  98  6:27  Extractor, Drone x2  
  98  6:28  Extractor, Drone  
  98  6:29  Drone x5  
  104  6:33  Drone x7  
  104  6:36  Ravager  
  104  7:03  Roach  
  104  7:04  Roach x4  
  104  7:07  Glial Reconstitution  
  110  7:20  Roach  
  110  7:21  Roach x6  
  112  7:26  Zergling x4  
  107  7:31  Burrow  
  107  7:42  Drone  
  107  7:43  Drone x6  
  114  7:48  Extractor x2, Zergling x2  
  114  7:49  Zergling x2  
  114  7:50  Centrifical Hooks  
  114  7:54  Hatchery  
  114  7:55  Overlord x2  
  114  7:56  Overlord  
  114  7:57  Overseer  
  113  8:00  Hatchery  
  112  8:08  Drone x2  
  112  8:12  Overlord x3  
  109  8:25  Roach x9  
  119  8:49  Roach x11  
  131  9:07  Spire  
  128  9:16  Zergling x18  
  128  9:17  Zergling x6  
  134  9:29  Roach  
  134  9:30  Roach x2  
  133  9:37  Zergling x10  
  123  9:41  Zergling x4  
  113  9:50  Zergling x10  
  118  10:01  Drone x4  
  122  10:07  Zergling x10  
  122  10:08  Zergling x4  
  122  10:11  Queen  
  131  10:15  Drone  
  122  10:29  Mutalisk x2  
  122  10:30  Mutalisk x5  
  136  10:35  Infestation Pit  
  136  10:41  Evolution Chamber x2  
  133  10:48  Drone x2  
  136  10:50  Drone x4  
  136  10:51  Drone x2  
  136  10:54  Extractor  
  136  10:55  Extractor, Hatchery  
  123  11:07  Zergling x2  
  123  11:08  Roach x8  
  61  11:21  Zergling x10  
  58  11:33  Zergling x2  
  58  11:34  Zergling x6  
Tags
 
Add a new tag
Caveats
  • Supply blocks, unpowered buildings, or Contaminate may cause inaccurate times.
  • Supply counts are checked every 10 seconds.